[Event "ICC tourney 3198 (30 10)"]
[Site "Internet Chess Club"]
[Date "2023.05.20"]
[Round "1"]
[White "Agrawal, Arvin:championfugman"]
[Black "XIA, JOSHUA:MathMonkey"]
[Result "0-1"]
[ICCResult "White resigns"]
[WhiteElo "1575"]
[BlackElo "1997"]
[Opening "Grünfeld: exchange, Spassky variation"]
[ECO "D87"]
[NIC "GI.05"]
[Time "12:00:10"]
[PlyCount "50"]
[TimeControl "1800+10"]

1. d4 Nf6 2. c4 g6 3. Nc3 d5 4. cxd5 Nxd5 5. e4 Nxc3 6. bxc3 Bg7 7. Bc4 c5
8. Ne2 O-O 9. O-O Nc6 10. Be3 Qc7 11. Qc2 Na5 12. Bd3 c4 13. Bf4 Qd7 14.
Bxc4 Nxc4 15. Qb3 Nb6 16. Rfd1 Qa4 17. Qxa4 Nxa4 18. c4 Nb2 19. Rdc1 Nd3 20.
Rd1 Nxf4 21. Nxf4 e5 22. Ne2 exd4 23. Nxd4 Bg4 24. f3 Rad8 25. fxg4 Bxd4+
{White resigns}
0-1

[Event "ICC tourney 3198 (30 10)"]
[Site "Internet Chess Club"]
[Date "2023.05.20"]
[Round "1"]
[White "MAMMADOV, ZAUR:zaur94"]
[Black "OPASKA, MICHAEL:mopaska1106"]
[Result "1-0"]
[ICCResult "Black resigns"]
[WhiteElo "2541"]
[BlackElo "1934"]
[Opening "Caro-Kann: anti-anti-Caro-Kann defense"]
[ECO "B10"]
[NIC "CK.01"]
[Time "12:00:19"]
[PlyCount "29"]
[TimeControl "1800+10"]

1. e4 c6 2. c4 d5 3. cxd5 cxd5 4. exd5 Nf6 5. Nc3 g6 6. Bc4 Bg7 7. Nf3 O-O
8. O-O Nbd7 9. d3 Nb6 10. Qb3 Bg4 11. Ne5 Bf5 12. Re1 Rc8 13. a4 Nxc4 14.
dxc4 b6 15. Nc6 {Black resigns} 1-0

[Event "ICC tourney 3198 (30 10)"]
[Site "Internet Chess Club"]
[Date "2023.05.20"]
[Round "1"]
[White "VIDENA, DANIEL TUAPEN:Davide25"]
[Black "Volkov, Sergey:Volkov"]
[Result "0-1"]
[ICCResult "White resigns"]
[WhiteElo "1927"]
[BlackElo "2503"]
[Opening "QGD: semi-Slav"]
[ECO "D31"]
[NIC "SL.06"]
[Time "12:00:05"]
[PlyCount "68"]
[TimeControl "1800+10"]

1. d4 d5 2. c4 e6 3. Nc3 c6 4. e3 Bd6 5. Nf3 f5 6. Bd3 Nf6 7. Ne5 O-O 8. O-O
Bxe5 9. dxe5 Ng4 10. f4 d4 11. Ne2 Nxe3 12. Bxe3 dxe3 13. Rf3 Qb6 14. Qc1
Na6 15. b3 Rd8 16. Qxe3 Nb4 17. Qxb6 axb6 18. Nc1 Ra3 19. Kf2 c5 20. h3 Bd7
21. g4 Bc6 22. Re3 g5 23. Kg3 gxf4+ 24. Kxf4 Rd4+ 25. Kg5 f4 26. Bxh7+ Kxh7
27. Rc3 f3 28. Kf6 f2 29. Ne2 Rxa2 30. Rf1 Rxe2 31. g5 Rf4+ 32. Ke7 Re1 33.
Rc1 Rxc1 34. Rxc1 f1=Q {White resigns} 0-1

[Event "ICC tourney 3198 (30 10)"]
[Site "Internet Chess Club"]
[Date "2023.05.20"]
[Round "1"]
[White "CHINNI, RISHABH:alphachesplayer"]
[Black "QIAO, RICHARDSON JINGSI:Richardsonqiao"]
[Result "1-0"]
[ICCResult "Black checkmated"]
[WhiteElo "1987"]
[BlackElo "1573"]
[Opening "Ruy Lopez: Cozio defense deferred"]
[ECO "C70"]
[NIC "RL.09"]
[Time "12:01:01"]
[PlyCount "119"]
[TimeControl "1800+10"]

1. e4 e5 2. Nf3 Nc6 3. Bb5 a6 4. Ba4 Nge7 5. c3 g6 6. d4 b5 7. Bb3 exd4 8.
cxd4 Bg7 9. Nc3 d6 10. h3 Na5 11. Bc2 Nc4 12. b3 Nb6 13. O-O O-O 14. Bg5 h6
15. Be3 Bb7 16. Qd2 Kh7 17. Rad1 f5 18. Ne1 Qd7 19. f3 Rf7 20. Nd3 Raf8 21.
Nf4 fxe4 22. fxe4 d5 23. e5 Qc8 24. Qd3 Qf5 25. Qe2 Qc8 26. Qh5 Rxf4 27.
Rxf4 Rxf4 28. Bxf4 Qf8 29. Rf1 Nf5 30. Bxf5 Qxf5 31. Qxf5 gxf5 32. Be3 Kg6
33. Ne2 Bf8 34. Nf4+ Kf7 35. g4 Bc8 36. Ng2 Kg6 37. Nh4+ Kh7 38. gxf5 Be7
39. f6 Bf8 40. Kg2 Be6 41. Rc1 c5 42. dxc5 Nd7 43. c6 Nxe5 44. c7 Bc8 45.
Bd4 Ng6 46. Nxg6 Kxg6 47. Re1 Kf7 48. Rc1 Bd6 49. Rc6 Bf4 50. Kf3 Bg5 51.
Rb6 Bd7 52. Rb8 Bxh3 53. c8=Q Bxc8 54. Rxc8 h5 55. Rc7+ Kf8 56. Bc5+ Kg8 57.
f7+ Kg7 58. f8=Q+ Kg6 59. Rg7+ Kh6 60. Qh8# {Black checkmated} 1-0

[Event "ICC tourney 3198 (30 10)"]
[Site "Internet Chess Club"]
[Date "2023.05.20"]
[Round "1"]
[White "VETTESE, NICHOLAS:FatFluffyCats"]
[Black "SHERNOFF, LEON:LeonShernoff"]
[Result "1-0"]
[ICCResult "Black resigns"]
[WhiteElo "2388"]
[BlackElo "1924"]
[Opening "Scotch: Potter variation"]
[ECO "C45"]
[NIC "SO.05"]
[Time "12:00:30"]
[PlyCount "37"]
[TimeControl "1800+10"]

1. e4 e5 2. Nf3 Nc6 3. d4 exd4 4. Nxd4 Bc5 5. Nb3 Bb6 6. Qe2 d6 7. Nc3 Qf6
8. Nd5 Qg6 9. a4 Kd8 10. a5 Nd4 11. Nxd4 Bxd4 12. c3 Bf6 13. f3 Bg5 14. f4
Bh4+ 15. g3 Nf6 16. f5 Bxg3+ 17. Kd1 Bxf5 18. exf5 Qxf5 19. Qe7+ {Black
resigns} 1-0

[Event "ICC tourney 3198 (30 10)"]
[Site "Internet Chess Club"]
[Date "2023.05.20"]
[Round "1"]
[White "ZHUGE, KATHERINE:FlowingMelody"]
[Black "MARKOVIC, GORAN:Goran21"]
[Result "1/2-1/2"]
[ICCResult "Game drawn by repetition"]
[WhiteElo "1781"]
[BlackElo "2049"]
[Opening "Sicilian: Prins (Moscow) variation"]
[ECO "B55"]
[NIC "SI.01"]
[Time "12:00:07"]
[PlyCount "131"]
[TimeControl "1800+10"]

1. e4 c5 2. Nf3 d6 3. d4 cxd4 4. Nxd4 Nf6 5. f3 Nc6 6. c4 g6 7. Nc3 Bg7 8.
Be3 O-O 9. Be2 Bd7 10. O-O a6 11. Qd2 Rc8 12. Rac1 Re8 13. b3 Qa5 14. Rfd1
h5 15. Nd5 Qxd2 16. Rxd2 Nxd4 17. Bxd4 Nxd5 18. Bxg7 Kxg7 19. Rxd5 Be6 20.
Rd4 Rc7 21. Kf2 Rec8 22. Rcd1 Rc5 23. Ke3 f5 24. exf5 Bxf5 25. Bd3 Re5+ 26.
Kf2 Bxd3 27. R4xd3 b5 28. cxb5 axb5 29. R3d2 Kf6 30. f4 Rf5 31. Ke3 Ke6 32.
g3 b4 33. Rd4 Rb5 34. Re4+ Kd7 35. Red4 Rc3+ 36. R1d3 Rc2 37. Rd2 Rxd2 38.
Kxd2 Ra5 39. Rxb4 Rxa2+ 40. Ke3 Rxh2 41. Rb7+ Ke6 42. b4 Rb2 43. b5 Kd5 44.
Rxe7 Rxb5 45. Rg7 Kc4 46. Rxg6 Rb3+ 47. Kf2 d5 48. Rd6 d4 49. f5 Rb5 50. f6
Kd3 51. Kf3 Rf5+ 52. Kg2 Ke3 53. Re6+ Kd2 54. Kh3 d3 55. g4 Rf3+ 56. Kh4
hxg4 57. Kxg4 Rf1 58. Kg5 Kc2 59. Rc6+ Kd1 60. Kg6 d2 61. Rd6 Rg1+ 62. Kh7
Rh1+ 63. Kg7 Rg1+ 64. Kh7 Rh1+ 65. Kg7 Rg1+ 66. Kh7 {Game drawn by
repetition} 1/2-1/2

[Event "ICC tourney 3198 (30 10)"]
[Site "Internet Chess Club"]
[Date "2023.05.20"]
[Round "1"]
[White "YU, AVERY:Averyyu321"]
[Black "HEBDEN, MARK L:mhebden"]
[Result "0-1"]
[ICCResult "White resigns"]
[WhiteElo "1952"]
[BlackElo "2554"]
[Opening "Two knights defense (Modern bishop's opening)"]
[ECO "C55"]
[NIC "IG.01"]
[Time "12:00:06"]
[PlyCount "74"]
[TimeControl "1800+10"]

1. e4 e5 2. Nf3 Nc6 3. Bc4 Nf6 4. d3 Be7 5. O-O O-O 6. Re1 d6 7. c3 h6 8.
Bb3 Re8 9. d4 Bf8 10. Nbd2 exd4 11. cxd4 Bg4 12. Qc2 Nb4 13. Qc3 c5 14. a3
Nc6 15. dxc5 dxc5 16. Ba4 Bd7 17. Bc2 Be6 18. Nb3 Rc8 19. Bf4 Nh5 20. Be3
Nd4 21. Rad1 Nxf3+ 22. gxf3 Qh4 23. Nd2 Nf4 24. Bxf4 Qxf4 25. Qe3 Qh4 26.
Nf1 c4 27. Ng3 Bc5 28. Qc3 Rcd8 29. Ba4 Rxd1 30. Rxd1 Rd8 31. Rxd8+ Qxd8 32.
Ne2 Qh4 33. Ng3 Bxf2+ 34. Kxf2 Qxh2+ 35. Ke3 Qxg3 36. b3 b5 37. Bxb5 Qg5+
{White resigns}
0-1

[Event "ICC tourney 3198 (30 10)"]
[Site "Internet Chess Club"]
[Date "2023.05.20"]
[Round "1"]
[White "Yang, Daniel:danielbest"]
[Black "QI, JENNY:eevee11"]
[Result "0-1"]
[ICCResult "White resigns"]
[WhiteElo "2073"]
[BlackElo "1807"]
[Opening "Kevitz-Trajkovich defense"]
[ECO "A50"]
[NIC "QP.07"]
[Time "12:00:21"]
[PlyCount "88"]
[TimeControl "1800+10"]

1. d4 Nf6 2. c4 Nc6 3. Nf3 e6 4. Nc3 Bb4 5. Qc2 a6 6. e3 d6 7. Bd3 O-O 8.
Bd2 h6 9. a3 Ba5 10. O-O-O e5 11. dxe5 dxe5 12. Nd5 Bxd2+ 13. Rxd2 Be6 14.
Rhd1 Bxd5 15. cxd5 Ne7 16. Nxe5 Nexd5 17. Bc4 c6 18. e4 Qe7 19. exd5 cxd5
20. Ng6 fxg6 21. Bxd5+ Nxd5 22. Qb3 Rac8+ 23. Kb1 Qe4+ 24. Ka2 Kh7 25. Qxd5
Qxd5+ 26. Rxd5 Rxf2 27. R1d2 Rc2 28. Rxc2 Rxc2 29. Rd7 b5 30. Ra7 Rxg2 31.
Rxa6 Rxh2 32. Ra5 Rh5 33. Kb3 Rf5 34. a4 bxa4+ 35. Kxa4 Rxa5+ 36. Kxa5 h5
37. b4 h4 38. b5 h3 39. b6 h2 40. b7 h1=Q 41. b8=Q Qa1+ 42. Kb6 Qb1+ 43. Kc7
Qxb8+ 44. Kxb8 g5 {White resigns} 0-1

[Event "ICC tourney 3198 (30 10)"]
[Site "Internet Chess Club"]
[Date "2023.05.20"]
[Round "1"]
[White "GU, MINGHAO:mancogu"]
[Black "Cheng, Samuel:Samuel1001"]
[Result "1-0"]
[ICCResult "Black resigns"]
[WhiteElo "2033"]
[BlackElo "1767"]
[Opening "Caro-Kann: two knights, 3...Bg4"]
[ECO "B10"]
[NIC "CK.01"]
[Time "12:00:12"]
[PlyCount "65"]
[TimeControl "1800+10"]

1. e4 c6 2. Nf3 d5 3. Nc3 Bg4 4. h3 Bxf3 5. Qxf3 d4 6. Ne2 e5 7. d3 Nd7 8.
Bd2 Ngf6 9. Ng3 Qb6 10. Rb1 Nc5 11. Qd1 Rd8 12. Be2 Qa6 13. a3 Na4 14. O-O
b5 15. f4 Bd6 16. Nf5 Bf8 17. fxe5 Nd7 18. Bg5 Rc8 19. Nd6+ Bxd6 20. exd6
O-O 21. Bg4 Nab6 22. Be7 Rfe8 23. Qf3 Ne5 24. Qf4 Nxg4 25. Qxf7+ Kh8 26.
hxg4 Nd7 27. Qf5 Qb7 28. e5 Qa8 29. Qxd7 c5 30. Qf5 Rb8 31. Qe4 Qxe4 32.
dxe4 c4 33. Rbd1 {Black resigns} 1-0

[Event "ICC tourney 3198 (30 10)"]
[Site "Internet Chess Club"]
[Date "2023.05.20"]
[Round "1"]
[White "YUAN, SERENA:doudou2011"]
[Black "SIMPSON, MICHAEL:MichaelSimpson"]
[Result "0-1"]
[ICCResult "White resigns"]
[WhiteElo "1865"]
[BlackElo "2100"]
[Opening "Queen's pawn game, Darooha variation "]
[ECO "D02"]
[NIC "QP.06"]
[Time "12:00:11"]
[PlyCount "58"]
[TimeControl "1800+10"]

1. d4 Nf6 2. Nf3 d5 3. c4 e6 4. g3 dxc4 5. Qa4+ Nbd7 6. Qxc4 a6 7. Bg2 b5 8.
Qc6 Ra7 9. Bf4 Bb7 10. Qc2 c5 11. dxc5 Bxc5 12. Nbd2 Qb6 13. O-O Ng4 14. e3
e5 15. h3 exf4 16. hxg4 fxg3 17. Nd4 gxf2+ 18. Rxf2 O-O 19. N2b3 Bxg2 20.
Kxg2 Bxd4 21. Nxd4 Nf6 22. Rh1 Rc7 23. Qb1 Qb7+ 24. Kg1 Rfc8 25. Rf1 g6 26.
g5 Ne4 27. Qe1 Rc1 28. Qh4 Rxf1+ 29. Kxf1 Ng3+ {White resigns} 0-1

[Event "ICC tourney 3198 (30 10)"]
[Site "Internet Chess Club"]
[Date "2023.05.20"]
[Round "1"]
[White "LIANG, YU-CHENG:Yucheng"]
[Black "BERKLEY, DARRIN K:drberkley"]
[Result "1-0"]
[ICCResult "Black resigns"]
[WhiteElo "2197"]
[BlackElo "1890"]
[Opening "King's Indian: Averbakh system"]
[ECO "E73"]
[NIC "KI.26"]
[Time "12:00:07"]
[PlyCount "61"]
[TimeControl "1800+10"]

1. d4 Nf6 2. c4 g6 3. Nc3 Bg7 4. e4 d6 5. Be2 O-O 6. Bg5 Nbd7 7. Qd2 c5 8.
d5 a6 9. f3 Re8 10. Nh3 Nf8 11. Nf2 Bd7 12. O-O Qc7 13. f4 h5 14. h3 N8h7
15. Bh4 Bc8 16. g4 Kh8 17. gxh5 Nxh5 18. Bxh5 gxh5 19. Qe2 Bd4 20. Kh2 Qd7
21. Qxh5 e6 22. Ng4 exd5 23. Nxd5 Re6 24. f5 Rxe4 25. Bf6+ Kg8 26. Bxd4 Rxg4
27. Qxg4+ Kf8 28. Qg7+ Ke8 29. Rae1+ Kd8 30. Bf6+ Nxf6 31. Qxf6+ {Black
resigns} 1-0

[Event "ICC tourney 3198 (30 10)"]
[Site "Internet Chess Club"]
[Date "2023.05.20"]
[Round "1"]
[White "HANKE, HARVEY:ThinkingPanda"]
[Black "QUIRKE, JEFFREY L:PawnEatingZombi"]
[Result "1-0"]
[ICCResult "Black checkmated"]
[WhiteElo "1884"]
[BlackElo "2176"]
[Opening "KGA: Abbazia defense, modern variation"]
[ECO "C31"]
[NIC "KG.04"]
[Time "12:00:07"]
[PlyCount "61"]
[TimeControl "1800+10"]

1. e4 e5 2. f4 d5 3. exd5 exf4 4. Nf3 Nf6 5. d4 Nxd5 6. Bc4 Be6 7. Qe2 c6 8.
O-O Bd6 9. Bxd5 cxd5 10. Ne5 Nc6 11. Nxc6 bxc6 12. Bxf4 Be7 13. Nd2 O-O 14.
Nb3 Qb6 15. Qe3 Rfe8 16. Qg3 Bf8 17. Be5 a5 18. Rab1 Ra7 19. Nc5 Kh8 20. Rf2
f6 21. Rbf1 Bxc5 22. dxc5 Qxc5 23. Bd6 Qb6 24. Kh1 Qxb2 25. c3 Qb6 26. Rf4
c5 27. Rh4 Rd7 28. Qg6 Bg8 29. Qxe8 Qxd6 30. Rxh7+ Kxh7 31. Qh5#
{Black checkmated}
1-0

[Event "ICC tourney 3198 (30 10)"]
[Site "Internet Chess Club"]
[Date "2023.05.20"]
[Round "1"]
[White "Stevens, Adam Benjamin:adambenstevens"]
[Black "SRIPADA, Havish:brilliantnessme"]
[Result "1/2-1/2"]
[ICCResult "Game drawn by repetition"]
[WhiteElo "1869"]
[BlackElo "2142"]
[Opening "Sicilian: Canal-Sokolsky attack, 3...Bd7"]
[ECO "B52"]
[NIC "SI.01"]
[Time "12:00:11"]
[PlyCount "68"]
[TimeControl "1800+10"]

1. e4 c5 2. Nf3 d6 3. Bb5+ Bd7 4. a4 Nc6 5. O-O Nf6 6. Nc3 g6 7. h3 Bg7 8.
d4 cxd4 9. Nxd4 Nxe4 10. Bxc6 Bxc6 11. Nxc6 Nxc3 12. Nxd8 Nxd1 13. Nxf7 Kxf7
14. Rxd1 Rhd8 15. c3 d5 16. Be3 e5 17. f3 a5 18. Ra3 Bf6 19. Rb3 Rd7 20. Rb5
d4 21. cxd4 exd4 22. Rd3 Rc8 23. Bd2 Rc2 24. Bxa5 Re7 25. Rd2 Rc1+ 26. Kf2
Rce1 27. Bd8 Bh4+ 28. g3 R7e3 29. gxh4 d3 30. Rxd3 R1e2+ 31. Kf1 Re1+ 32.
Kf2 R1e2+ 33. Kf1 Re1+ 34. Kf2 R1e2+ {Game drawn by repetition} 1/2-1/2

[Event "ICC tourney 3198 (30 10)"]
[Site "Internet Chess Club"]
[Date "2023.05.20"]
[Round "1"]
[White "BAGCHI, SOUNAK:Chesssaga"]
[Black "Li, Alex:AlexLi31415"]
[Result "1-0"]
[ICCResult "Black resigns"]
[WhiteElo "2160"]
[BlackElo "1879"]
[Opening "Sicilian, Chekhover variation"]
[ECO "B53"]
[NIC "SI.02"]
[Time "12:00:28"]
[PlyCount "61"]
[TimeControl "1800+10"]

1. e4 c5 2. Nf3 d6 3. d4 cxd4 4. Qxd4 Nc6 5. Bb5 Bd7 6. Qd3 Nf6 7. c4 g6 8.
Nc3 Bg7 9. O-O a6 10. Bxc6 bxc6 11. h3 O-O 12. Be3 Rb8 13. b3 c5 14. Rac1
Bc6 15. Rfd1 Nd7 16. Nd5 Bxd5 17. exd5 a5 18. a4 Rb7 19. Bg5 Nb8 20. Qe3 Qd7
21. Bh6 Re8 22. Bxg7 Kxg7 23. Re1 Qd8 24. h4 Nd7 25. Qc3+ Nf6 26. h5 gxh5
27. Re3 Rg8 28. Rce1 Kh8 29. Rxe7 Rxe7 30. Qxf6+ Rg7 31. Rxe7 {Black
resigns} 1-0

[Event "ICC tourney 3198 (30 10)"]
[Site "Internet Chess Club"]
[Date "2023.05.20"]
[Round "1"]
[White "Belous, Vladimir:Openyagami"]
[Black "KONA, VIDIP KUMAR:Vidipkona"]
[Result "1-0"]
[ICCResult "Black checkmated"]
[WhiteElo "2594"]
[BlackElo "1979"]
[Opening "English: symmetrical variation"]
[ECO "A16"]
[NIC "EO.64"]
[Time "12:05:31"]
[PlyCount "147"]
[TimeControl "1800+10"]

1. c4 Nf6 2. Nc3 c5 3. g3 g6 4. Bg2 Bg7 5. e3 O-O 6. Nge2 e6 7. d4 cxd4 8.
Nxd4 d5 9. cxd5 exd5 10. O-O Nc6 11. Nde2 Be6 12. Nf4 Bg4 13. Qb3 d4 14.
exd4 Nxd4 15. Qxb7 Rc8 16. h3 Bf5 17. Be3 Rc7 18. Qa6 Nc2 19. Rad1 Qb8 20.
Bc1 Nb4 21. Qa3 Nc2 22. Qa4 Nb4 23. Rd4 Nc2 24. Rd2 Nb4 25. a3 g5 26. Qxb4
Qxb4 27. axb4 gxf4 28. g4 Be6 29. Rd6 Rc4 30. b5 Rb8 31. Rfd1 Bf8 32. Rd8
Rxd8 33. Rxd8 Kg7 34. Bc6 Be7 35. Rd3 h5 36. b3 Rc5 37. f3 hxg4 38. hxg4
Bxb3 39. Bxf4 Bc2 40. Re3 Bd8 41. Kg2 Bb6 42. Be5 Kg6 43. Bd4 Rc4 44. Bxb6
axb6 45. Kg3 Nh7 46. Nd5 Ng5 47. Nxb6 Rb4 48. Nd5 Rb1 49. Rc3 Bb3 50. Nf4+
Kf6 51. b6 Ke5 52. b7 Bd1 53. Bb5 Rxb5 54. Rc5+ Rxc5 55. b8=Q+ Kd4 56. Qd6+
Kc4 57. Qxd1 Kb4 58. Nd3+ Kc4 59. Nxc5 Kxc5 60. Qc1+ Kd5 61. Qxg5+ Ke6 62.
Qf5+ Ke7 63. Kf4 f6 64. g5 fxg5+ 65. Kxg5 Kd6 66. Qb5 Ke6 67. f4 Kd6 68. f5
Ke7 69. f6+ Ke6 70. Kg6 Kd6 71. f7 Ke6 72. Kg7 Ke7 73. f8=Q+ Ke6 74. Qbf5#
{Black checkmated}
1-0

[Event "ICC tourney 3198 (30 10)"]
[Site "Internet Chess Club"]
[Date "2023.05.20"]
[Round "1"]
[White "BOYLIN, JOHN:Jupiter2008"]
[Black "DE LA COLINA, NICOLAS ALEJANDRO:Venom2020"]
[Result "0-1"]
[ICCResult "White resigns"]
[WhiteElo "1915"]
[BlackElo "2316"]
[Opening "Benoni defense"]
[ECO "A61"]
[NIC "BI.38"]
[Time "12:08:11"]
[PlyCount "88"]
[TimeControl "1800+10"]

1. d4 Nf6 2. c4 c5 3. d5 e6 4. Nc3 exd5 5. cxd5 d6 6. Nf3 g6 7. Bf4 Bg7 8.
Qa4+ Bd7 9. Qb3 Qc7 10. e3 O-O 11. Bd3 Na6 12. O-O Nh5 13. Bg5 h6 14. Bh4 g5
15. Bg3 Nxg3 16. hxg3 Nb4 17. Be2 Bf5 18. a3 Na6 19. Nd2 Qe7 20. Rae1 Nc7
21. e4 Bh7 22. Nc4 b6 23. Bf3 b5 24. Na5 Qd7 25. Nc6 a6 26. Qd1 b4 27. axb4
cxb4 28. Na4 Rab8 29. Nxb8 Rxb8 30. b3 Nb5 31. Re3 Qa7 32. Qd2 Nd4 33. Rc1
a5 34. Qd3 Re8 35. Qc4 f5 36. Qc7 Qxc7 37. Rxc7 fxe4 38. Bh5 Rf8 39. Ra7 Nf5
40. Re2 Bd4 41. Rxa5 Nxg3 42. Rd2 e3 43. Rxd4 exf2+ 44. Kh2 f1=Q {White
resigns} 0-1

[Event "ICC tourney 3198 (30 10)"]
[Site "Internet Chess Club"]
[Date "2023.05.20"]
[Round "1"]
[White "WILLY, STEPHEN:stephenwilly"]
[Black "LOCHAM, DIVJOT SINGH:winner08"]
[Result "1-0"]
[ICCResult "Black resigns"]
[WhiteElo "2118"]
[BlackElo "1868"]
[Opening "Ponziani: Jaenisch counter-attack"]
[ECO "C44"]
[NIC "KP.05"]
[Time "12:00:10"]
[PlyCount "169"]
[TimeControl "1800+10"]

1. e4 e5 2. Nf3 Nc6 3. c3 Nf6 4. d4 exd4 5. e5 Nd5 6. Bc4 Nb6 7. Bb3 dxc3 8.
Nxc3 Be7 9. Bf4 O-O 10. Qe2 d5 11. Rd1 Be6 12. h4 d4 13. Bc2 Qd7 14. Qe4 Bf5
15. Qxf5 Qxf5 16. Bxf5 dxc3 17. bxc3 Rad8 18. Be4 f5 19. Bc2 Rxd1+ 20. Kxd1
Nd5 21. Bb3 Rd8 22. Kc2 Na5 23. Bg5 Nxb3 24. Bxe7 Na1+ 25. Rxa1 Nxe7 26. Re1
Nc6 27. Ng5 Re8 28. f4 h6 29. Nf3 Nd8 30. Nd4 Ne6 31. g3 a6 32. Nxf5 h5 33.
Rd1 g6 34. Ne3 Nc5 35. Nd5 Ne4 36. Re1 c6 37. Rxe4 cxd5 38. Rd4 Rd8 39. c4
Rc8 40. Kd3 dxc4+ 41. Rxc4 Rd8+ 42. Ke4 Rd2 43. e6 Kg7 44. Rc7+ Kf6 45. Rxb7
Rxa2 46. Rb6 Re2+ 47. Kd5 Rd2+ 48. Kc4 a5 49. e7+ Kxe7 50. Rxg6 Rg2 51. Kb5
Ra2 52. Rg5 Ra3 53. Kc4 Kf6 54. Kd4 a4 55. Ke4 Rb3 56. Rxh5 Rxg3 57. Ra5 a3
58. Ra6+ Kg7 59. Kf5 Rh3 60. Kg4 Rb3 61. h5 Kf7 62. Kg5 Rg3+ 63. Kf5 Rh3 64.
Ra7+ Kg8 65. Kf6 Rf3 66. f5 Rg3 67. h6 Rf3 68. Kg6 Rg3+ 69. Kh5 Rh3+ 70. Kg5
Rf3 71. Kg4 Rb3 72. f6 Rb4+ 73. Kg5 Rb3 74. Rg7+ Kh8 75. f7 Rg3+ 76. Kh4
Rxg7 77. f8=Q+ Rg8 78. Qxa3 Kh7 79. Kh5 Kh8 80. Qe7 Rg1 81. Qd8+ Rg8 82. Qd3
Rg2 83. Qd4+ Kg8 84. Qd5+ Kh7 85. Qxg2 {Black resigns} 1-0

[Event "ICC tourney 3198 (30 10)"]
[Site "Internet Chess Club"]
[Date "2023.05.20"]
[Round "2"]
[White "MARKOVIC, GORAN:Goran21"]
[Black "Stevens, Adam Benjamin:adambenstevens"]
[Result "1-0"]
[ICCResult "Black resigns"]
[WhiteElo "2049"]
[BlackElo "1869"]
[Opening "Ruy Lopez: Cozio defense deferred"]
[ECO "C70"]
[NIC "RL.09"]
[Time "14:00:26"]
[PlyCount "49"]
[TimeControl "1800+10"]

1. e4 e5 2. Nf3 Nc6 3. Bb5 a6 4. Ba4 Nge7 5. O-O g6 6. d4 exd4 7. Nxd4 b5 8.
Bb3 Bg7 9. c3 O-O 10. Bg5 Na5 11. Bc2 Bb7 12. Nd2 h6 13. Bh4 g5 14. Bg3 Ng6
15. Nf5 Re8 16. Qh5 Kh7 17. Rae1 d6 18. f4 gxf4 19. Bxf4 Nxf4 20. Rxf4 Qg5
21. Qf3 Be5 22. Rh4 Re6 23. Nf1 Rg8 24. N1e3 Rf6 25. Rg4 {Black resigns} 1-0

[Event "ICC tourney 3198 (30 10)"]
[Site "Internet Chess Club"]
[Date "2023.05.20"]
[Round "2"]
[White "DE LA COLINA, NICOLAS ALEJANDRO:Venom2020"]
[Black "CHINNI, RISHABH:alphachesplayer"]
[Result "1-0"]
[ICCResult "Black checkmated"]
[WhiteElo "2316"]
[BlackElo "1987"]
[Opening "Giuoco Piano"]
[ECO "C54"]
[NIC "IG.02"]
[Time "14:00:39"]
[PlyCount "61"]
[TimeControl "1800+10"]

1. e4 e5 2. Nf3 Nc6 3. Bc4 Bc5 4. c3 Nf6 5. d3 h6 6. Bb3 d6 7. Nbd2 O-O 8.
h3 a6 9. Nf1 Bb6 10. Ng3 Ne7 11. O-O Ng6 12. Re1 c6 13. d4 Re8 14. Bc2 Be6
15. Be3 Bc7 16. Qd2 Qd7 17. Rad1 Rad8 18. Qc1 Qe7 19. Nf5 Bxf5 20. exf5 e4
21. fxg6 exf3 22. Bxh6 Qd7 23. Qg5 Rxe1+ 24. Rxe1 fxg2 25. Bf5 gxh6 26. Qxf6
Re8 27. Bxd7 Rxe1+ 28. Kxg2 fxg6 29. Be6+ Kh7 30. Qf7+ Kh8 31. Qg8#
{Black checkmated}
1-0

[Event "ICC tourney 3198 (30 10)"]
[Site "Internet Chess Club"]
[Date "2023.05.20"]
[Round "2"]
[White "XIA, JOSHUA:MathMonkey"]
[Black "VETTESE, NICHOLAS:FatFluffyCats"]
[Result "0-1"]
[ICCResult "White checkmated"]
[WhiteElo "1997"]
[BlackElo "2388"]
[Opening "Sicilian: Taimanov (Bastrikov) variation"]
[ECO "B47"]
[NIC "SI.40"]
[Time "14:00:26"]
[PlyCount "46"]
[TimeControl "1800+10"]

1. e4 c5 2. Nf3 e6 3. d4 cxd4 4. Nxd4 Nc6 5. Nc3 Qc7 6. Nxc6 bxc6 7. Qd3 e5
8. Be3 Nf6 9. f3 Be7 10. g4 O-O 11. h4 Rd8 12. g5 Nh5 13. O-O-O Qa5 14. Bh3
Ba6 15. Qd2 Bb4 16. Qe1 d5 17. Bg4 d4 18. Bxh5 Bxc3 19. Bd2 Qxa2 20. Bxc3
dxc3 21. Rxd8+ Rxd8 22. Bxf7+ Kxf7 23. Qxc3 Qa1# {White checkmated} 0-1

[Event "ICC tourney 3198 (30 10)"]
[Site "Internet Chess Club"]
[Date "2023.05.20"]
[Round "2"]
[White "Volkov, Sergey:Volkov"]
[Black "GU, MINGHAO:mancogu"]
[Result "1-0"]
[ICCResult "Black resigns"]
[WhiteElo "2503"]
[BlackElo "2033"]
[Opening "QGD: exchange, positional line, 5...c6"]
[ECO "D35"]
[NIC "QO.16"]
[Time "14:00:34"]
[PlyCount "71"]
[TimeControl "1800+10"]

1. d4 d5 2. c4 e6 3. Nc3 Nf6 4. cxd5 exd5 5. Bg5 c6 6. e3 Be7 7. Qc2 Nbd7 8.
Nf3 O-O 9. Bd3 Re8 10. O-O Nf8 11. h3 Ne4 12. Bf4 Nxc3 13. bxc3 g6 14. a4 a5
15. Rab1 Ne6 16. Be5 Bd6 17. c4 Bxe5 18. Nxe5 Nc7 19. Rb2 Kg7 20. Rfb1 f6
21. Bxg6 fxe5 22. Bxe8 Qxe8 23. cxd5 Nxd5 24. Rxb7+ Bxb7 25. Rxb7+ Ne7 26.
Qc5 Kf7 27. Qxe5 Rd8 28. Qxa5 Kg8 29. Qg5+ Ng6 30. Qf6 Qf8 31. Qxc6 Rc8 32.
Qd7 Rc1+ 33. Kh2 Qh6 34. Qf7+ Kh8 35. Rb8+ Nf8 36. Rxf8+ {Black resigns} 1-0

[Event "ICC tourney 3198 (30 10)"]
[Site "Internet Chess Club"]
[Date "2023.05.20"]
[Round "2"]
[White "HEBDEN, MARK L:mhebden"]
[Black "WILLY, STEPHEN:stephenwilly"]
[Result "1-0"]
[ICCResult "Black resigns"]
[WhiteElo "2554"]
[BlackElo "2118"]
[Opening "Queen's pawn"]
[ECO "A40"]
[NIC "QO.17"]
[Time "14:00:18"]
[PlyCount "85"]
[TimeControl "1800+10"]

1. d4 e6 2. Nf3 Nf6 3. c3 d5 4. Bg5 c5 5. Nbd2 Nc6 6. e3 Bd6 7. Bd3 h6 8.
Bh4 cxd4 9. exd4 g5 10. Bg3 Nh5 11. Bxd6 Qxd6 12. O-O Bd7 13. Re1 Nf4 14.
Bc2 O-O-O 15. g3 Ng6 16. Bxg6 fxg6 17. Ne5 Nxe5 18. Rxe5 Rdf8 19. Qe2 Rf5
20. Re1 Rhf8 21. Rxf5 exf5 22. Nf3 f4 23. Ne5 Qe6 24. Qd3 Rf6 25. g4 f3 26.
Re3 h5 27. Rxf3 Rxf3 28. Qxf3 hxg4 29. Qf7 Qxf7 30. Nxf7 Bf5 31. Kg2 Kd7 32.
Kg3 Ke6 33. Nxg5+ Kf6 34. Kf4 b5 35. f3 gxf3 36. Nxf3 a5 37. h4 b4 38. cxb4
axb4 39. a3 bxa3 40. bxa3 Bd7 41. Ne5 Bb5 42. Ng4+ Ke6 43. Kg5 {Black
resigns} 1-0

[Event "ICC tourney 3198 (30 10)"]
[Site "Internet Chess Club"]
[Date "2023.05.20"]
[Round "2"]
[White "Cheng, Samuel:Samuel1001"]
[Black "VIDENA, DANIEL TUAPEN:Davide25"]
[Result "1-0"]
[ICCResult "Black resigns"]
[WhiteElo "1767"]
[BlackElo "1927"]
[Opening "Nimzo-Indian: 4.e3 c5"]
[ECO "E41"]
[NIC "NI.15"]
[Time "14:01:24"]
[PlyCount "73"]
[TimeControl "1800+10"]

1. d4 Nf6 2. c4 e6 3. Nc3 Bb4 4. e3 c5 5. Nf3 Nc6 6. Bd3 d6 7. O-O Bxc3 8.
bxc3 O-O 9. Qe2 Qc7 10. Rd1 b6 11. e4 e5 12. d5 Na5 13. Bg5 Ne8 14. Bc2 f5
15. exf5 Bxf5 16. Bxf5 Rxf5 17. Qe4 Qf7 18. Rd3 h6 19. Bd2 Nc7 20. Rf1 Rf8
21. Be3 Qd7 22. Qg4 h5 23. Qe4 Qa4 24. Nh4 Rf4 25. Bxf4 Rxf4 26. Qg6 Rxh4
27. Qxd6 Ne8 28. Qxe5 Nxc4 29. Qe6+ Kh8 30. g3 Rg4 31. h3 Rg5 32. f4 Ne5 33.
fxg5 Nxd3 34. Rf8+ Kh7 35. g6+ Kh6 36. Rh8+ Kg5 37. h4+ {Black resigns} 1-0